 Dungeon Sprint DCSS version 0.21-a0-71-g5e5ddd2 (webtiles) character file.

2952 Kidiri the Grappler (level 9, -3/88 HPs)
             Began as a Troll Transmuter on June 19, 2017.
             Was the Champion of Wu Jian.
             Slain by a deep troll (15 damage)
             ... in the Dungeon (Sprint VII: "The Pits").
             The game lasted 00:10:08 (1123 turns).

Kidiri the Grappler (Troll Transmuter)              Turns: 1123, Time: 00:10:08

Health: -3/88      AC:  2    Str: 26    XL:     9   Next: 52%
Magic:  14/16      EV: 26    Int: 11    God:    Wu Jian [******]
Gold:   0          SH:  0    Dex: 16    Spells: 6/19 levels left

rFire    . . .     SeeInvis .     - Unarmed
rCold    . . .     Gourm    +   (shield currently unavailable)
rNeg     . . .     Faith    .   (armour currently unavailable)
rPois    x         Spirit   .   (helmet currently unavailable)
rElec    .         Reflect  .   (cloak currently unavailable)
rCorr    .         Harm     .   (gloves unavailable)
MR       .....     NoTele   +   (boots unavailable)
Stlth    +++.......             (no amulet)
HPRegen  0.64/turn              r - +3 ring of strength
MPRegen  0.15/turn              s - +3 ring of strength

@: spider-form, very slightly contaminated
A: unfitting armour, fast metabolism 3, gourmand, regeneration 1
a: End Transformation, Serpent's Lash, Heavenly Storm, Renounce Religion


You were in the Dungeon.
You worshipped Wu Jian.
Wu Jian was exalted by your worship.
You were very full.
You were a venomous arachnid creature.
You visited 1 branch

Inventory:

Armour
 b - a +0 robe (melded)
 t - a +0 leather armour
Jewellery
 r - a +3 ring of strength (left front leg)
 s - a +3 ring of strength (right front leg)
Scrolls
 l - 3 scrolls of remove curse
 m - 5 scrolls of amnesia
 n - a scroll of summoning
Potions
 a - a potion of cancellation {unknown}
 e - 5 potions of curing
 f - 8 potions of heal wounds
 g - 2 potions of haste
 h - 4 potions of magic
 k - 2 potions of invisibility
 u - a potion of agility
 v - a potion of might
Books
 c - a book of Changes

   Spells                             Type                      Level
   a - Beastly Appendage              Transmutation                1
   b - Sticks to Snakes               Transmutation                2
   c - Spider Form                    Transmutation/Poison         3
   d - Ice Form                       Ice/Transmutation            4
   e - Blade Hands                    Transmutation                5
Comestibles
 d - 9 bread rations
 o - 40 fruits
 p - 7 meat rations
 q - a chunk of flesh


   Skills:
 + Level 5.0 Fighting
 + Level 5.0 Armour
 * Level 7.4 Dodging
 * Level 5.1 Stealth
 * Level 9.2 Unarmed Combat
 * Level 5.8 Spellcasting
 * Level 6.9 Transmutations
 + Level 3.8 Ice Magic
 + Level 3.7 Poison Magic


You had 6 spell levels left.
You knew the following spells:

 Your Spells              Type           Power        Failure   Level  Hunger
a - Beastly Appendage     Tmut           ###...       5%          1    None
b - Spider Form           Tmut/Pois      ###.......   17%         3    ###....
c - Ice Form              Ice/Tmut       ###.....     43%         4    ####...
d - Blade Hands           Tmut           ###.......   52%         5    ######.


Dungeon Overview and Level Annotations

Branches:
Dungeon (1/1)

Altars:
Ashenzari
Cheibriados
Dithmenos
Elyvilon
Fedhas
Gozag
Hepliaklqana
Kikubaaqudgha
Makhleb
Nemelex Xobeh
Okawaru
Qazlal
Ru
Sif Muna
Trog
Uskayaw
Vehumet
Wu Jian
Xom
Yredelemnul
Zin
The Shining One
Beogh
Jiyva
Lugonu


Innate Abilities, Weirdness & Mutations

You are too large for most types of armour.
((You have claws for hands.))
Your metabolism is lightning-fast.
You like to eat raw meat.
Your natural rate of healing is unusually fast.
((You are covered in fur. (AC +1)))
((You have very tough skin. (AC +2)))


Message History

Confirm with . or Enter, or press ? or * to list all spells.
You turn into a venomous arachnid creature.
Your +0 robe melds into your body.
The deep troll bites you! The deep troll completely misses you.
The deep troll misses you.
You bite the deep troll!
The deep troll is moderately wounded.
The deep troll completely misses you. The deep troll misses you.
The deep troll claws you!!
You bite the deep troll!
The deep troll is poisoned.
The deep troll is heavily wounded.
Unknown command.
The deep troll closely misses you. The deep troll misses you.
The deep troll claws you.
Unknown command.
You hit the deep troll.
The deep troll looks even sicker.
The deep troll is heavily wounded.
The deep troll bites you! The deep troll claws you!
* * * LOW HITPOINT WARNING * * *
The deep troll claws you!
You die...

############
#_________.#
#_________.#
#_______...#########
##########+##.......
#.?(.+)))+.##......#
##########.##.......
#..sT.......'.......
#+#####+#####......#
#.#...#.#..##.......
#.#...#.#))#####+###
#.#..)+.#))##.......
#.##รท####))##.......
#.#.....#[[##.......
#.#.....#+###...<...
#.#........##.......


You could see a deep troll.

Vanquished Creatures
  An elephant (D)
  An orange demon (D)
  2 trolls (D)
  A blink frog (D)
  A wandering mushroom (D)
  A flying skull (D)
  A redback (D)
  A shadow (D)
  A spriggan (D)
  A ynoxinul (D)
  A wyvern (D)
  Edmund (D)
  A floating eye (D)
  A wight (D)
  5 killer bees (D)
  A crimson imp (D)
  A jelly (D)
  2 orc priests (D)
  An orc wizard (D)
  A gnoll (D)
  An ufetubus (D)
  An ooze (D)
  2 leopard geckos (D)
  3 orcs (D)
  A bat zombie (D)
  A giant cockroach (D)
  2 goblins (D)
  8 jackals (D)
  2 quokkas (D)
  A frilled lizard (D)
48 creatures vanquished.

Notes
Turn   | Place    | Note
-------+----------+-------------------------------------------
     0 | D        | Kidiri the Troll Transmuter began the quest for the Orb.
     0 | D        | Reached XP level 1. HP: 18/18 MP: 1/1
    15 | D        | Reached skill level 1 in Fighting
    45 | D        | Found a bloodstained altar of Trog.
    45 | D        | Found a deep blue altar of Sif Muna.
    45 | D        | Found a viscous altar of Jiyva.
    45 | D        | Found a hazy altar of Hepliaklqana.
    45 | D        | Found an opulent altar of Gozag.
    46 | D        | Found a glowing golden altar of the Shining One.
    46 | D        | Found a glowing silver altar of Zin.
    46 | D        | Found a basalt altar of Yredelemnul.
    46 | D        | Found a shimmering altar of Xom.
    46 | D        | Found an ornate altar of the Wu Jian Council.
    46 | D        | Found a sacrificial altar of Ru.
    46 | D        | Found a stormy altar of Qazlal.
    46 | D        | Found an iron altar of Okawaru.
    46 | D        | Found a sparkling altar of Nemelex Xobeh.
    46 | D        | Found a burning altar of Makhleb.
    46 | D        | Found a blossoming altar of Fedhas.
    46 | D        | Found a white marble altar of Elyvilon.
    46 | D        | Found a shadowy altar of Dithmenos.
    46 | D        | Found a snail-covered altar of Cheibriados.
    48 | D        | Found a radiant altar of Vehumet.
    48 | D        | Found a corrupted altar of Lugonu.
    48 | D        | Found a roughly hewn altar of Beogh.
    49 | D        | Found a hide-covered altar of Uskayaw.
    49 | D        | Found an ancient bone altar of Kikubaaqudgha.
    49 | D        | Found a shattered altar of Ashenzari.
    55 | D        | Became a worshipper of the Wu Jian Council
    86 | D        | Reached XP level 2. HP: 26/27 MP: 0/3
   120 | D        | Reached * piety under Wu Jian
   120 | D        | Reached skill level 1 in Armour
   144 | D        | Reached ** piety under Wu Jian
   145 | D        | Noticed Edmund
   157 | D        | Killed Edmund
   157 | D        | Reached skill level 1 in Stealth
   157 | D        | Reached skill level 5 in Unarmed Combat
   157 | D        | Reached XP level 3. HP: 27/36 MP: 3/6
   157 | D        | Reached XP level 4. HP: 33/44 MP: 3/7
   157 | D        | Reached XP level 5. HP: 38/50 MP: 3/8
   186 | D        | Learned a level 3 spell: Spider Form
   191 | D        | Learned a level 4 spell: Ice Form
   241 | D        | Reached *** piety under Wu Jian
   246 | D        | Noticed a floating eye
   254 | D        | Paralysed by a floating eye for 2 turns
   261 | D        | Killed a floating eye
   261 | D        | Reached **** piety under Wu Jian
   261 | D        | Reached skill level 1 in Ice Magic
   273 | D        | Reached skill level 1 in Poison Magic
   273 | D        | Reached XP level 6. HP: 58/59 MP: 5/10
   317 | D        | Reached skill level 6 in Unarmed Combat
   476 | D        | Noticed a blink frog
   482 | D        | Killed a blink frog
   482 | D        | Reached skill level 5 in Dodging
   482 | D        | Reached XP level 7. HP: 67/67 MP: 9/12
   499 | D        | Reached ***** piety under Wu Jian
   630 | D        | Learned a level 5 spell: Blade Hands
   631 | D        | Noticed a wyvern
   631 | D        | Noticed a wandering mushroom
   635 | D        | Killed a wyvern
   635 | D        | Reached skill level 7 in Unarmed Combat
   635 | D        | Reached skill level 5 in Transmutations
   642 | D        | Killed a wandering mushroom
   763 | D        | Noticed a spriggan
   768 | D        | Killed a spriggan
   768 | D        | Reached XP level 8. HP: 78/78 MP: 10/13
   772 | D        | Noticed an orange demon
   776 | D        | Noticed an elephant
   778 | D        | Reached ****** piety under Wu Jian
   794 | D        | Killed an orange demon
   794 | D        | Reached skill level 8 in Unarmed Combat
   794 | D        | Reached skill level 5 in Spellcasting
   803 | D        | Killed an elephant
   893 | D        | Noticed a troll
   901 | D        | Killed a troll
   901 | D        | Reached XP level 9. HP: 83/85 MP: 6/16
   926 | D        | Noticed a troll
   934 | D        | HP: 4/102 [troll (7)]
   939 | D        | Killed a troll
  1049 | D        | Reached skill level 5 in Stealth
  1049 | D        | Reached skill level 9 in Unarmed Combat
  1083 | D        | Noticed a deep troll
  1091 | D        | Reached skill level 5 in Fighting
  1091 | D        | Reached skill level 5 in Armour
  1123 | D        | Slain by a deep troll

Vault maps used:
D:        pitsprint

Skill      XL: |  1  2  3  4  5  6  7  8  9 |
---------------+----------------------------+-----
Fighting       | 1 2 3 4 5 |  5.0
Dodging        | 2 3 4 5 6 7 |  7.4
Armour         | 2 3 4 5 |  5.0
Transmutations | 3 4 5 6 |  6.9
Stealth        | 1 2 3 4 5 |  5.1
Unarmed Combat | 5 6 7 8 9 |  9.2
Spellcasting   | 2 3 4 5 |  5.8
Ice Magic      | 1 2 3 |  3.8
Poison Magic   | 1 2 3 |  3.7

Action                   |  1- 3 |  4- 6 |  7- 9 || total
-------------------------+-------+-------+-------++-------
Melee: Unarmed           |    25 |    36 |    82 ||   143
       Headbutt          |     3 |     1 |       ||     4
       Kick              |       |     1 |     3 ||     4
 Cast: Beastly Appendage |     3 |     2 |     1 ||     6
       Spider Form       |       |     2 |     4 ||     6
       Ice Form          |       |       |     3 ||     3
Invok: Heavenly Storm    |       |       |     1 ||     1
  Use: Potion            |     2 |       |     9 ||    11
       Scroll            |       |       |     1 ||     1
 Stab: Sleeping          |     2 |       |     4 ||     6
  Eat: Chunk             |       |     6 |    11 ||    17
Armor: Robe              |     7 |     1 |     5 ||    13
       Skin              |       |       |    10 ||    10
Dodge: Dodged            |    11 |    18 |   106 ||   135
